 Dungeon Crawl Stone Soup version 0.27-a0-1081-ge8a0a9c698 (webtiles) character file.

Game seed: 18093431530328942

2701 gimp the Cleaver (level 9, -6/97 HPs)
             Began as a Djinni Fighter on Apr 25, 2021.
             Was an Initiate of Okawaru.
             Mangled by a wyvern zombie (13 damage)
             ... on level 6 of the Dungeon.
             The game lasted 00:13:47 (8782 turns).

gimp the Cleaver (Djinni Fighter)                   Turns: 8782, Time: 00:13:48

Health: -6/97      AC: 10    Str: 18    XL:     9   Next: 65%
Gold:   285        EV:  9    Int: 10    God:    Okawaru [......] SH: 10 Dex: 13

rFire    + + .     SeeInvis .   a - +1 war axe
rCold    x . .     Faith    .   c - +0 kite shield
rNeg     . . .     Spirit   .   g - +3 leather armour
rPois    ∞         Reflect  .   (no helmet)
rElec    .         Harm     .   (no cloak)
rCorr    .         Rampage  .   n - +2 pair of gloves
Will     .....                  (boots unavailable)
Stlth    ..........             (no amulet)
HPRegen  0.26/turn              (no ring)
MPRegen  0.00/turn              (no ring)

@: berserking, flying, very quick
A: fire resistance 2, cold vulnerability 1, float, innate caster, hp casting,
extra vitality 1
a: Renounce Religion


You were on level 6 of the Dungeon.
You worshipped Okawaru.
Okawaru was noncommittal.
You visited 2 branches of the dungeon, and saw 7 of its levels.

You collected 889 gold pieces.
You spent 604 gold pieces at shops.

Inventory:

Hand Weapons
 a - a +1 war axe (weapon)
Missiles
 d - 23 poisoned darts
 j - 7 javelins
 r - a throwing net
Armour
 b - a +0 scale mail
 c - a +0 kite shield (worn)
 g - a +3 leather armour (worn)
 l - the +18 shield of the Gong {rElec rN+ Will+ EV-5}
   (You found it on level 4 of the Dungeon)

   It affects your evasion (-5).
   It insulates you from electricity.
   It protects you from negative energy.
   It increases your willpower.
 m - the +1 chain mail of Twilight {Dex+3}
   (You bought it in a shop on level 4 of the Dungeon)

   It affects your dexterity (+3).
 n - a +2 pair of gloves (worn)
Wands
 p - a wand of flame (19) (quivered)
Scrolls
 e - 6 scrolls of immolation
 f - 2 scrolls of fear
 h - 2 scrolls of teleportation
 k - 3 scrolls of fog
 s - a scroll of enchant weapon
Potions
 i - a potion of resistance {unknown}
 o - a potion of attraction
 q - a potion of curing


   Skills:
 + Level 5.1 Fighting
 * Level 8.7 Axes
 - Level 6.0 Armour
 + Level 1.0 Dodging
 - Level 5.0 Shields
 + Level 0.9 Invocations


You couldn't memorise any spells.
You knew the following spells:

 Your Spells              Type           Power      Damage    Failure   Level
a - Summon Small Mammal   Summ           0%         N/A       85%         1
b - Passwall              Tmut/Erth      0%         N/A       94%         2
c - Corpse Rot            Necr/Air       N/A        N/A       94%         2
d - Ice Form              Ice/Tmut       0%         N/A       100%        4
Your spell library was empty.


Dungeon Overview and Level Annotations

Branches:
Dungeon (6/15)             Temple (1/1) D:6

Altars:
Dithmenos
Fedhas
Hepliaklqana
Nemelex Xobeh
Okawaru
Qazlal
Ru
Sif Muna
Trog
Vehumet
Wu Jian
Xom
Yredelemnul
Zin
The Shining One

Shops:
D:2 [(*   D:3 (   D:4 [

Annotations:
D:5 2 runed translucent doors
D:6 Eustachio


Innate Abilities, Weirdness & Mutations

You are immune to poison.
Your flesh is very heat resistant. (rF++)
You are vulnerable to cold. (rC-)
You float through the air rather than walking.
You learn spells naturally, not from books.
Your magical power is your life essence.
You have superior vitality. (+4 HP)


Message History

You block the centaur skeleton's attack.
You hit Eustachio.
Eustachio is lightly wounded.
Eustachio hits you but does no damage.
You slash Eustachio!
Eustachio is moderately wounded.
Eustachio casts a spell.
Eustachio blinks!
The white imp gestures at you. The puff of frost hits you!
You feel a terrible chill!
* * * LOW HITPOINT WARNING * * *
The centaur skeleton barely misses you.
The centaur skeleton kicks you but does no damage.
You take 12 damage, and have 15/65 hp.
You see here a water moccasin corpse.
It was a potion of berserk rage.
A red film seems to cover your vision as you go berserk!
You feel yourself moving faster!
You feel mighty!
You now have 23/97 hp.
You hit the white imp.
The white imp is heavily wounded.
The white imp gestures at you. The puff of frost hits you!!
You feel a terrible chill!
* * * LOW HITPOINT WARNING * * *
You take 17 damage, and have 6/97 hp.
You slash the white imp!
You kill the white imp!
The centaur skeleton barely misses you.
The centaur skeleton closely misses you.
You slice the centaur skeleton!!
You destroy the centaur skeleton!
Okawaru accepts your kill.
Your Dodging skill increases to level 1!
You hit the wyvern zombie.
The wyvern zombie is lightly damaged.
The wyvern zombie bites you but does no damage.
You hit the wyvern zombie but do no damage.
The wyvern zombie is lightly damaged.
The wyvern zombie bites you!
You die...

. # ... ?.## #.# ..
#.b## #.# #.##.5. #.#
#..#.@# #####.#
#.#..##
......######.....
...........##.Z######
.....8.8.8.##.@Z@...#
......⌠.⌠.....5####.#
.....8.>.8.....# #
#.#...⌠.⌠.....>#
#..+.8.8.8..@.##
####....†.....#
#..........#
#..........#
#.....>....#


You could see Eustachio, an iron imp (summoned), a wyvern zombie and a centaur
skeleton.

Vanquished Creatures
  Maggie (D:6)
  2 yaks
  Menkaure (D:5)
  A water moccasin (D:6)
  An ice beast (D:5)
  A necrophage (D:6)
  3 ogres
  2 phantoms (D:4)
  A kobold brigand (D:5)
  A gnoll sergeant (D:5)
  A bullfrog (D:5)
  A wyvern zombie (D:3)
  4 scorpions
  A water moccasin zombie (D:5)
  A wyvern skeleton (D:5)
  2 howler monkeys
  3 hounds
  A gnoll shaman (D:5)
  Jessica (D:2)
  3 centaur skeletons
  3 orc wizards
  A scorpion zombie (D:5)
  3 iguanas
  A hound skeleton (D:4)
  A howler monkey zombie (D:5)
  4 gnolls
  6 adders
  A shadow imp (D:5)
  4 white imps
  An ufetubus (D:6)
  2 worms
  6 dart slugs
  12 orcs
  7 endoplasms
  4 giant cockroaches
  6 goblins
  5 hobgoblins
  10 jackals
  7 kobolds
  9 quokkas
  6 ball pythons
  3 bats (D:1)
  4 frilled lizards
  6 rats
144 creatures vanquished.

Notes
Turn   | Place    | Note
-------+----------+-------------------------------------------
     0 | D:1      | gimp the Djinni Fighter began the quest for the Orb.
     0 | D:1      | Reached XP level 1. HP: 20/20 MP: 0/0
   202 | D:1      | Reached XP level 2. HP: 23/25 MP: 0/0
   604 | D:1      | Reached XP level 3. HP: 16/30 MP: 0/0
   604 | D:1      | Learned a level 1 spell: Summon Small Mammal
  1576 | D:2      | Reached XP level 4. HP: 21/37 MP: 0/0
  1742 | D:2      | Noticed Jessica
  1749 | D:2      | Killed Jessica
  2045 | D:2      | Found Yzuosh's Armour Shoppe.
  2047 | D:2      | Reached XP level 5. HP: 42/42 MP: 0/0
  2047 | D:2      | Learned a level 2 spell: Passwall
  2343 | D:2      | Found Aczefur's General Store.
  2346 | D:2      | Bought a scroll of teleportation for 42 gold pieces
  2453 | D:2      | Found a faded altar of an unknown god.
  2543 | D:2      | Found Latwium's Weapon Emporium.
  2869 | D:3      | Reached skill level 5 in Fighting
  2869 | D:3      | Reached skill level 5 in Shields
  2869 | D:3      | Reached XP level 6. HP: 5/49 MP: 0/0
  3483 | D:3      | Reached skill level 2 in Axes
  3551 | D:3      | Found Qexeamia's Weapon Shop.
  3985 | D:4      | Found a shimmering altar of Xom.
  4130 | D:4      | Found Zigedgh's Antique Armour Shop.
  4361 | D:4      | Found a stormy altar of Qazlal.
  4475 | D:4      | Noticed a yak
  4523 | D:4      | Identified a scroll of acquirement
  4523 | D:4      | Acquired 561 gold pieces
  4596 | D:4      | Reached skill level 3 in Axes
  4667 | D:4      | Reached XP level 7. HP: 33/54 MP: 0/0
  4667 | D:4      | Learned a level 2 spell: Corpse Rot
  4924 | D:4      | Found the +18 shield of the Gong {rElec rN+ Will+ EV-5}
  4968 | D:4      | Killed a yak
  4969 | D:4      | Reached skill level 4 in Axes
  5467 | D:4      | Bought an ancient chain mail for 228 gold pieces
  5467 | D:4      | Identified the +1 chain mail of Twilight {Dex+3} (You
                  | bought it in a shop on level 4 of the Dungeon)
  5510 | D:4      | Bought a pair of runed gloves for 180 gold pieces
  5593 | D:2      | Bought a scroll of fear for 49 gold pieces
  5593 | D:2      | Bought a scroll of identify for 28 gold pieces
  5593 | D:2      | Bought a scroll of fog for 28 gold pieces
  5593 | D:2      | Bought a scroll of fear for 49 gold pieces
  5685 | D:5      | Entered Level 5 of the Dungeon
  5695 | D:5      | Noticed Menkaure
  5982 | D:5      | Reached XP level 8. HP: 54/59 MP: 0/0
  6005 | D:4      | Reached skill level 5 in Axes
  6005 | D:4      | Reached skill level 5 in Armour
  6367 | D:5      | Found a large runed translucent door.
  6367 | D:5      | Found a large runed translucent door.
  6376 | D:5      | Noticed a yak
  6601 | D:5      | Reached skill level 6 in Axes
  7024 | D:5      | Found a large runed translucent door.
  7024 | D:5      | Found a large runed translucent door.
  7079 | D:5      | Reached XP level 9. HP: 55/65 MP: 0/0
  7079 | D:5      | Learned a level 4 spell: Ice Form
  7111 | D:5      | Killed Menkaure
  7112 | D:5      | Reached skill level 7 in Axes
  7731 | D:5      | Found a sparkling altar of Nemelex Xobeh.
  8183 | D:6      | Reached skill level 8 in Axes
  8197 | D:6      | Found a bloodstained altar of Trog.
  8338 | D:6      | Noticed Maggie
  8366 | D:6      | Killed Maggie
  8532 | D:6      | Found an iron altar of Okawaru.
  8540 | D:6      | Became a worshipper of Warmaster Okawaru
  8596 | D:6      | Found a staircase to the Ecumenical Temple.
  8624 | Temple   | Entered the Ecumenical Temple
  8710 | D:6      | Noticed Eustachio
  8781 | D:6      | Reached skill level 1 in Dodging
  8782 | D:6      | Mangled by a wyvern zombie

Illustrated notes

Levels and vault maps discovered:
D:1:      dpeg_arrival_boxes_within_box, layout_basic, minmay_pentomino_w4
D:2:      layout_basic, serial_shops, nicolae_shop_window_shopping, shop,
          nicolae_shop_statue_plus, ebering_ecumenical_altar_mist, uniq_jessica
D:3:      layout_basic, serial_shops, shop
D:4:      layout_loops_corners, xom_teletrap_fun,
          nicolae_qazlal_general_emergency, serial_shops, kennysheep_mini,
          kennysheep_opposing_triangles
D:5:      layout_rooms, lemuel_crystal_altar, minmay_hollow_rounded_squares,
          uniq_menkaure
D:6:      layout_basic, kennysheep_mini_moat, overflow_temple_1_default,
          okawaru_ov_weapons_minmay, minmay_temple_entry_statues_fountains,
          minmay_ruined_shrine, uniq_eustachio, uniq_maggie
Temple:   dpeg_three_leaves_temple

Skill      XL: |  1  2  3  4  5  6  7  8  9 |
---------------+----------------------------+-----
Fighting       | 4 5 |  5.1
Shields        | 4 5 |  5.0
Axes           | 3 4 6 8 |  8.7
Armour         | 4 6 |  6.0
Dodging        | 1 |  1.0
Invocations    | |  0.9

Action                   |  1- 3 |  4- 6 |  7- 9 || total
-------------------------+-------+-------+-------++-------
Melee: War axe           |   132 |   200 |   315 ||   647
Throw: Throwing net      |       |       |     2 ||     2
Evoke: Wand              |       |       |    14 ||    14
  Use: Scroll            |     2 |     4 |     5 ||    11
       Potion            |       |     2 |     3 ||     5
Armor: Scale mail        |    87 |    82 |       ||   169
       Leather armour    |       |    11 |    84 ||    95
Dodge: Dodged            |    52 |    66 |    78 ||   196
Block: Kite shield       |   102 |   120 |   244 ||   466

Table legend: (Time is in decaauts)
 A = Elapsed time spent in this place.
 B = Non-inter-level travel time spent in this place.
 C = Inter-level travel time spent in this place.
 D = Time resting spent in this place.
 E = Time spent auto-exploring this place.
 F = Levels seen in this place.
 G = Mean time per level.
                   A        B        C        D        E       F      G
               +--------+--------+--------+--------+--------+-----+--------+
         Total |   9113 |   8665 |    448 |    472 |   6360 |   7 | 1301.9 |
       Dungeon |   9032 |   8598 |    434 |    472 |   6298 |   6 | 1505.3 |
        Temple |     80 |     66 |     14 |      0 |     62 |   1 |   80.0 |
               +--------+--------+--------+--------+--------+-----+--------+

Top non-repeatable levels by time:
     D:4: 2143 daAuts
     D:5: 2043 daAuts
     D:1: 1615 daAuts
     D:3: 1406 daAuts
     D:2: 1209 daAuts
     D:6: 614 daAuts
  Temple: 80 daAuts
